 Dungeon Crawl Stone Soup version 0.19.5 (webtiles) character file.

19585 Enroth the Severer (level 12, -6/142 HPs)
             Began as a Hill Orc Fighter on Apr 23, 2017.
             Was a Follower of Beogh.
             Killed from afar by a manticore (16 damage)
             ... with a volley of spikes
             ... summoned by Kirke
             ... on level 4 of the Lair of Beasts.
             The game lasted 00:47:22 (12208 turns).

Enroth the Severer (Hill Orc Fighter)              Turns: 12208, Time: 00:47:23

Health: -6/142     AC:  0    Str: 25    XL:     12   Next: 70%
Magic:  0/12       EV: 19    Int: 12    God:    Beogh [*.....]
Gold:   830        SH:  0    Dex: 23    Spells: 0 memorised, 11 levels left

rFire  . . .     SeeInvis .     (weapon currently unavailable)
rCold  . . .     Gourm    .     (armour currently unavailable)
rNeg   . . .     Faith    .     (shield currently unavailable)
rPois  .         Spirit   +     (helmet currently unavailable)
rElec  +         Reflect  .     (cloak currently unavailable)
rCorr  .         Harm     .     (gloves currently unavailable)
MR     +....     Rnd*Rage +     (boots currently unavailable)
Stlth  ..........               E - amulet of Mirth {Spirit rElec MR+ Dex+4}
                                (ring currently unavailable)
                                (ring currently unavailable)

@: agile, berserking, pig-form, barbed spikes, slowed, very quick
A: (hooves 0), thin skeletal structure 1, agile 1, berserk 1, blurry vision 1,
frail 1, low mp 1, evolution 1
a: Renounce Religion


You were on level 4 of the Lair of Beasts.
You worshipped Beogh.
Beogh was aware of your devotion.
You were not hungry.
You were a filthy swine.
You visited 3 branches of the dungeon, and saw 15 of its levels.
You also visited: Trove and Ossuary.

You collected 830 gold pieces.

Inventory:

Hand Weapons
 q - a +2 hand axe of electrocution (melded)
 x - the cursed +1 glaive "Xuuphyt" {chop, MP+9}
   (You found it on level 2 of the Lair of Beasts)

   It inflicts extra damage upon your enemies.
   It affects your magic capacity (+9).
   It has a curse placed upon it.
Armour
 b - a +0 cloak (melded)
 c - a +0 shield (melded)
 d - a +0 plate armour (melded)
 v - a +1 hat (melded)
Jewellery
 B - the ring of Anarchy (melded) {rPois Int+2}
   (You found it in a treasure trove)

   [ring of poison resistance]

   It affects your intelligence (+2).
   It protects you from poison.
 E - the amulet of Mirth (around neck) {Spirit rElec MR+ Dex+4}
   (You found it in a treasure trove)

   [amulet of guardian spirit]

   It causes incoming damage to be split between your health and magic.
   It affects your dexterity (+4).
   It insulates you from electricity.
   It affects your resistance to hostile enchantments.
 N - the ring "Jyupaitz" (melded) {Int+3 Dex+4}
   (You found it in a treasure trove)

   [ring of intelligence]

   It affects your intelligence (+3).
   It affects your dexterity (+4).
Wands
 j - a wand of acid (0/15)
 l - a wand of digging (9/24)
 u - a wand of flame (23/48)
 A - a wand of polymorph (6/24)
 C - a wand of acid (2/15)
 F - a wand of iceblast (7/15)
Scrolls
 e - 10 scrolls of identify
 g - 4 scrolls of remove curse
 k - 5 scrolls of teleportation
 p - 2 scrolls of magic mapping
 r - 2 scrolls of amnesia
 s - a scroll of fear
 y - a scroll of fog
Potions
 h - a potion of haste
 m - a potion of ambrosia
 n - 5 potions of curing
 t - 2 potions of flight
 w - a potion of brilliance
 z - a potion of agility
 D - a potion of lignification {unknown}
Comestibles
 a - 3 slices of pizza
 f - 18 bread rations
 i - 3 meat rations
 o - 10 fruits
 G - 9 chunks of flesh


   Skills:
 + Level 10.1 Fighting
 * Level 17.0 Axes
 + Level 10.3 Armour
 + Level 1.1 Dodging
 + Level 3.2 Stealth
 + Level 10.0 Shields
 + Level 1.0 Invocations
 + Level 1.8 Evocations


You had 11 spell levels left.
You didn't know any spells.

Dungeon Overview and Level Annotations

Branches:
Dungeon (10/15)            Temple (1/1) D:7            Lair (4/6) D:10
  Swamp (0/4) Lair:2        Snake (0/4) Lair:4          Orc (0/2) D:9

Altars:
Cheibriados
Dithmenos
Hepliaklqana
Nemelex Xobeh
Uskayaw
Zin
The Shining One

Annotations:
Lair:4 Kirke


Innate Abilities, Weirdness & Mutations

((You have large cloven feet.))
You have a somewhat thin skeletal structure. (Dex +2, Stealth)
You are agile. (Dex +2)
You tend to lose your temper in combat.
Scrolls take you a little longer to read.
You are frail. (-10% HP)
Your magical capacity is low. (-10% MP)
You evolve.


Message History

You feel yourself moving faster!
You feel mighty!
You hit something. The hog completely misses you. The manticore misses you.
The manticore completely misses you. The manticore barely misses you.
You hear some strange, mumbled words.
You feel yourself slow down.
You hit something. The hog bites you! The manticore closely misses you.
The manticore claws you.
* * * LOW HITPOINT WARNING * * *
The manticore completely misses you.
You hear some strange, mumbled words.
Something summons a manticore!
The hog closely misses you.
You barely miss something. The manticore bites you!!
* * * LOW HITPOINT WARNING * * *
The manticore closely misses you. The manticore barely misses you.
The hog barely misses you. Something hits you!
* * * LOW HITPOINT WARNING * * *
The manticore flicks its tail.
The volley of spikes hits you!
The barbed spikes become lodged in your body.
You die...

#.####..........##.###P......#.P#
..≈≈.##.P##.....##..###......#.##
....≈♣#.###.....##...##......P.#
♣.♣♣≈≈#.###........(............
...♣..#..##.....#....##......#.#.
.>.......##..........##......###
...♣P≈##).#.....#....# ......#
♣.♣♣..#####......##.## ≈.≈♣≈≈#
#..H.†h# P# ...♣≈##
......{hH...... #.####.
........k....... .......
................. >......
................ .......
......P######.# ....... ......# #
...#.. ...... ...#


You could see 2 manticores, a lindwurm and a hog.

Vanquished Creatures
  Gastronok (Lair:3)
  Fannar (Lair:3)
  2 hydras
  Nergalle (Lair:2)
  A necromancer (Lair:4)
  The ghost of Dadi the Grave Robber, a novice DDNe (D:6)
  A black mamba (Lair:3)
  A komodo dragon (Lair:1)
  5 spiny frogs
  2 two-headed ogres
  3 hippogriffs
  4 blink frogs
  A spriggan (D:7)
  A basilisk (Lair:1)
  13 yaks
  6 hogs (Lair:4)
  A naga (Lair:4)
  Edmund (D:4)
  Duvessa (D:7)
  3 porcupines
  4 water moccasins
  A hell hound (D:10)
  2 orc warriors (D:7)
  4 black bears
  An ogre (D:7)
  3 ice beasts
  A phantom (D:7)
  The ghost of Goboxel the Slasher, an amateur DsGl (D:3)
  3 centaurs
  A crocodile (Lair:3)
  3 big kobolds
  9 bullfrogs
  Dowan (D:7)
  2 gnoll sergeants (D:7)
  4 killer bees
  A wyvern skeleton (D:6)
  3 scorpions
  3 wights (D:10)
  A howler monkey (D:6)
  2 crimson imps
  2 centaur zombies
  2 bullfrog zombies
  2 hounds
  3 quasits
  7 orc wizards
  2 bullfrog skeletons
  An orc priest (D:10)
  4 iguanas
  3 mummies (Ossuary)
  2 polar bear simulacra (Lair:4)
  5 worker ants
  3 yak simulacra (Lair:4)
  3 killer bee zombies
  3 wolf simulacra (Lair:4)
  2 hound zombies
  2 hound skeletons
  3 worker ant zombies
  Robin (D:3)
  11 gnolls
  10 adders
  2 shadow imps
  An ooze (D:7)
  An adder skeleton (D:10)
  2 worms (D:2)
  A dart slug (D:1)
  4 leopard geckos
  14 orcs
  5 bats
  4 giant cockroaches
  14 goblins
  7 hobgoblins (D:3)
  22 jackals
  18 kobolds
  3 quokkas
  6 frilled lizards
  A giant cockroach zombie (D:5)
  A quokka skeleton (D:5)
  3 quokka zombies
  5 rats
  3 river rat simulacra (Lair:4)
288 creatures vanquished.

Vanquished Creatures (collateral kills)
  Sonja (Lair:2)
  A swamp dragon (Lair:2)
  A hill giant (D:10)
  A spiny frog (Lair:1)
  A gargoyle (D:10)
  A rime drake (Lair:1)
  A two-headed ogre (D:8)
  A hippogriff (Lair:1)
  A wraith (D:10)
  A yak (D:9)
  A hell hound (D:10)
  An ice beast (D:10)
  A centaur (D:10)
  A bullfrog (Lair:2)
  A scorpion (D:10)
  2 killer bees (D:10)
  2 wights (D:10)
  A jelly (D:8)
  A hound (D:8)
  An orc wizard (D:10)
  An iguana (D:10)
  A worker ant (D:7)
  3 adders
  3 orcs
  A frilled lizard (Lair:2)
  A kobold (D:8)
32 creatures vanquished.

Vanquished Creatures (others)
  An orc sorcerer (Lair:2)
  An orc knight (Lair:2)
  An orc warrior (Lair:2)
  A crocodile (Lair:2)
  6 orc priests
  5 orc wizards
  19 orcs
  4 fungi
  2 plants
  A withered plant (Ossuary)
41 creatures vanquished.

Grand Total: 361 creatures vanquished

Notes
Turn   | Place    | Note
-------+----------+-------------------------------------------
     0 | D:1      | Enroth the Hill Orc Fighter began the quest for the Orb.
     0 | D:1      | Reached XP level 1. HP: 19/19 MP: 1/1
    91 | D:1      | Reached XP level 2. HP: 27/27 MP: 2/2
   417 | D:1      | Reached skill level 3 in Axes
   656 | D:2      | Found a hazy altar of Hepliaklqana.
   692 | D:2      | Reached XP level 3. HP: 23/33 MP: 3/3
   979 | D:2      | Reached XP level 4. HP: 12/40 MP: 4/4
  1313 | D:2      | Reached skill level 4 in Axes
  1662 | D:3      | Became a worshipper of Beogh the Brigand
  1792 | D:3      | Found a faded altar of an unknown god.
  1828 | D:3      | Noticed Goboxel's ghost (amateur DsGl)
  1837 | D:3      | Killed Goboxel's ghost
  1837 | D:3      | Reached skill level 5 in Axes
  1837 | D:3      | Reached XP level 5. HP: 46/46 MP: 5/5
  1958 | D:3      | Noticed Robin
  1995 | D:3      | Reached * piety under Beogh
  2007 | D:3      | Killed Robin
  2166 | D:3      | Reached skill level 6 in Axes
  2430 | D:4      | Found a glowing silver altar of Zin.
  2440 | D:4      | Reached XP level 6. HP: 49/52 MP: 6/6
  2451 | D:4      | Found a sparkling altar of Nemelex Xobeh.
  3071 | D:4      | Noticed Edmund
  3099 | D:4      | Killed Edmund
  3099 | D:4      | Reached skill level 7 in Axes
  3099 | D:4      | Reached XP level 7. HP: 45/59 MP: 7/7
  3268 | D:5      | Entered Level 5 of the Dungeon
  3683 | D:5      | Reached ** piety under Beogh
  3790 | D:5      | Reached skill level 8 in Axes
  4090 | D:5      | Reached skill level 9 in Axes
  4248 | D:6      | Reached XP level 8. HP: 44/67 MP: 8/8
  4439 | D:6      | Reached skill level 5 in Fighting
  4489 | D:6      | Reached skill level 5 in Armour
  4507 | D:6      | Noticed a hand axe
  4516 | D:6      | Found a hide-covered altar of Uskayaw.
  4516 | D:6      | Noticed a dagger
  4579 | D:6      | Noticed Dadi's ghost (novice DDNe)
  4612 | D:6      | Killed Dadi's ghost
  4612 | D:6      | Reached skill level 10 in Axes
  4612 | D:6      | Reached skill level 5 in Shields
  4819 | D:6      | Reached *** piety under Beogh
  4907 | D:6      | Reached skill level 11 in Axes
  5137 | D:7      | Reached XP level 9. HP: 74/74 MP: 9/9
  5259 | D:7      | Reached skill level 12 in Axes
  5297 | D:7      | Reached skill level 1 in Dodging
  5590 | D:7      | Found a staircase to the Ecumenical Temple.
  5590 | D:7      | Noticed Duvessa
  5590 | D:7      | Noticed Dowan
  5597 | D:7      | Killed Duvessa
  5607 | D:7      | Killed Dowan
  5620 | Temple   | Entered the Ecumenical Temple
  5929 | D:8      | Reached **** piety under Beogh
  5969 | D:8      | Found a sand-covered staircase.
  5981 | Ossuary  | Entered an ossuary
  5983 | Ossuary  | Noticed vierth's ghost (novice MiFi)
  6236 | D:8      | Reached skill level 13 in Axes
  6477 | D:8      | Reached XP level 10. HP: 84/84 MP: 10/10
  6584 | D:8      | Reached skill level 1 in Stealth
  6647 | D:8      | Gained mutation: You tend to lose your temper in combat. [potion of mutation]
  6647 | D:8      | Gained mutation: You evolve. [potion of mutation]
  6647 | D:8      | Gained mutation: Scrolls take you a little longer to read. [potion of mutation]
  6886 | D:9      | Found a glowing golden altar of the Shining One.
  6931 | D:9      | Found a shadowy altar of Dithmenos.
  7142 | D:9      | Found a staircase to the Orcish Mines.
  7304 | D:9      | Gained mutation: You are agile. (Dex +2) [evolution]
  7359 | D:10     | Entered Level 10 of the Dungeon
  7372 | D:10     | Reached skill level 14 in Axes
  7381 | D:10     | Found a staircase to the Lair.
  7427 | D:10     | Noticed a gargoyle
  7486 | D:10     | Killed a gargoyle
  7497 | D:10     | HP: 2/86 [hell hound/blast of flame (10)]
  8005 | D:10     | Reached XP level 11. HP: 43/94 MP: 11/11
  8213 | D:10     | Gained Bogmar as an ally
  8213 | D:10     | Reached skill level 15 in Axes
  8252 | D:10     | Noticed a hill giant
  8261 | D:10     | Killed a hill giant
  8261 | D:10     | Reached ***** piety under Beogh
  8266 | D:10     | Reached skill level 1 in Invocations
  8655 | D:10     | Found a portal to a secret trove of treasure.
  8660 | Trove    | Entered a treasure trove
  8667 | Trove    | Got a translucent marble ring
  8671 | Trove    | Got a twitching silver amulet
  8673 | Trove    | Got a shimmering brass amulet
  8679 | Trove    | Got a warped diamond amulet
  8685 | Trove    | Got a glittering golden amulet
  8691 | Trove    | Got a wavering ivory ring
  8702 | D:10     | Identified the ring of Anarchy {rPois Int+2} (You found it in a treasure trove)
  8703 | D:10     | Identified the amulet "Xuph" {Faith rElec Int+2} (You found it in a treasure trove)
  8705 | D:10     | Identified the amulet of Mirth {Spirit rElec MR+ Dex+4} (You found it in a treasure trove)
  8707 | D:10     | Identified the amulet of the Tempest {Inacc Str+3} (You found it in a treasure trove)
  8709 | D:10     | Identified the amulet of False Pretenses {Harm *Drain rElec rF+ rN+ Str+2} (You found it in a treasure trove)
  8727 | D:10     | Identified the ring "Jyupaitz" {Int+3 Dex+4} (You found it in a treasure trove)
  8804 | Lair:1   | Entered Level 1 of the Lair of Beasts
  9057 | Lair:1   | Noticed a six-headed hydra
  9064 | Lair:1   | Killed a six-headed hydra
  9535 | Lair:1   | Lost mutation: Scrolls take you a little longer to read. [evolution]
  9684 | Lair:2   | Noticed Sonja
  9693 | Lair:2   | Killed Sonja
  9700 | Lair:2   | Gained mutation: You have large cloven feet. [potion of mutation]
  9700 | Lair:2   | Gained mutation: Scrolls take you a little longer to read. [potion of mutation]
  9806 | Lair:2   | Got a brightly glowing glaive
  9809 | Lair:2   | Identified the cursed +1 glaive "Xuuphyt" {chop, MP+9} (You found it on level 2 of the Lair of Beasts)
  9874 | Lair:2   | Noticed Nergalle
  9888 | Lair:2   | Killed Nergalle
 10083 | Lair:2   | Noticed a swamp dragon
 10084 | Lair:2   | Found a staircase to the Swamp.
 10094 | Lair:2   | Killed a swamp dragon
 10097 | Lair:2   | Your ally Bogmar died
 10228 | Lair:2   | Reached skill level 1 in Evocations
 10656 | Lair:3   | Noticed Fannar
 10670 | Lair:3   | Killed Fannar
 10967 | Lair:3   | Noticed Gastronok
 10989 | Lair:3   | Killed Gastronok
 10989 | Lair:3   | Reached skill level 16 in Axes
 10989 | Lair:3   | Reached XP level 12. HP: 40/104 MP: 4/13
 11005 | Lair:3   | Gained mutation: You are frail. (-10% HP) [evolution]
 11274 | Lair:3   | Gained mutation: Your magical capacity is low. (-10% MP) [potion of mutation]
 11274 | Lair:3   | Gained mutation: You have a somewhat thin skeletal structure. (Dex +2, Stealth) [potion of mutation]
 11297 | Lair:3   | Noticed a five-headed hydra
 11304 | Lair:3   | Killed a five-headed hydra
 11934 | Lair:4   | Reached skill level 10 in Armour
 12059 | Lair:4   | Found a staircase to the Snake Pit.
 12110 | Lair:4   | Reached skill level 10 in Fighting
 12189 | Lair:4   | Noticed Kirke
 12197 | Lair:4   | Reached skill level 10 in Shields
 12200 | Lair:4   | Reached skill level 17 in Axes
 12208 | Lair:4   | Killed from afar by a manticore

Skill      XL: |  1  2  3  4  5  6  7  8  9 10 11 12 |
---------------+-------------------------------------+-----
Axes           | 3 5 6 7 9 11 13 14 16 17 | 17.0
Shields        | 4 5 6 7 9 10 | 10.0
Fighting       | 4 5 6 8 9 10 | 10.1
Armour         | 4 5 6 7 9 10 | 10.3
Dodging        | 1 |  1.1
Stealth        | 1 3 |  3.2
Invocations    | 1 |  1.0
Evocations     | 1 |  1.8

Action                   |  1- 3 |  4- 6 |  7- 9 | 10-12 || total
-------------------------+-------+-------+-------+-------++-------
Melee: War axe           |   111 |   210 |   161 |       ||   482
       Hand axe          |       |       |   459 |   562 ||  1021
       Kick              |       |       |       |   118 ||   118
       Unarmed           |       |       |       |     5 ||     5
Invok: Convert to Beogh  |       |     1 |       |       ||     1
       Recall Orcish Fol |       |       |     2 |     3 ||     5
Evoke: Wand              |       |       |       |     9 ||     9
  Use: Potion            |       |     4 |     1 |    11 ||    16
       Scroll            |       |     3 |     4 |    13 ||    20
 Stab: Distracted        |       |       |     2 |     2 ||     4
       Paralysed         |       |       |       |     4 ||     4
  Eat: Chunk             |       |     6 |     9 |    16 ||    31
       Beef jerky        |       |     1 |       |     1 ||     2
       Pizza             |       |       |     1 |       ||     1
       Fruit             |       |       |       |     3 ||     3
Armor: Scale mail        |    43 |    79 |       |       ||   122
       Plate armour      |       |    57 |   390 |   187 ||   634
Dodge: Dodged            |    30 |    43 |    80 |    91 ||   244
Block: Shield            |    66 |   109 |   261 |   216 ||   652
